 Dungeon Crawl Stone Soup version 0.22-a0-402-ga933591 (webtiles) character file.

6804 Mgcat the Grappler (level 10, -8/105 HPs)
             Began as a Troll Berserker on May 7, 2018.
             Was a High Priest of Trog.
             Mangled by a troll (13 damage)
             ... on level 9 of the Dungeon.
             The game lasted 00:18:09 (6319 turns).

Mgcat the Grappler (Troll Berserker)                Turns: 6319, Time: 00:18:10

Health: -8/105     AC: 12    Str: 31    XL:     10   Next: 77%
Magic:  9/9        EV: 12    Int:  5    God:    Trog [*****.]
Gold:   462        SH:  0    Dex:  9    Spells: 9/9 levels left

rFire    . . .     SeeInvis .     - Unarmed
rCold    . . .     Gourm    +   (no shield)
rNeg     . . .     Faith    .   p - +4 troll leather armour {Purgy}
rPois    .         Spirit   .   (helmet restricted)
rElec    .         Reflect  .   (no cloak)
rCorr    .         Harm     .   (gloves unavailable)
MR       +++..                  (boots unavailable)
Stlth    ..........             (no amulet)
HPRegen  2.07/turn              l - +3 ring of strength
MPRegen  0.11/turn              s - ring of protection from magic {MR+, !d}

@: silence, berserk cooldown, regenerating, slowed, very slow
A: large, unfitting armour, claws 3, fast metabolism 3, gourmand, regeneration
1, shaggy fur 1, tough skin 2
a: Renounce Religion


You were on level 9 of the Dungeon.
You worshipped Trog.
Trog was extremely pleased with you.
You were very full.

You visited 1 branch of the dungeon, and saw 8 of its levels.
You also visited: Ossuary.

You collected 534 gold pieces.
You spent 72 gold pieces at shops.

Inventory:

Armour
 p - a +4 troll leather armour (worn) {Purgy}
   (You found it on level 3 of the Dungeon)
Jewellery
 j - an uncursed ring of see invisible {sInv, !d}
   (You found it on level 2 of the Dungeon)
 l - a +3 ring of strength (left claw)
   (You found it on level 5 of the Dungeon)
 s - a ring of protection from magic (right claw) {MR+, !d}
   (You found it on level 4 of the Dungeon)
 w - an uncursed ring of flight {+Fly, !d}
   (You found it on level 8 of the Dungeon)
Wands
 a - a wand of enslavement (16)
   (You found it on level 3 of the Dungeon)
 d - a wand of flame (85)
   (You took it off Duvessa on level 4 of the Dungeon)
 n - a wand of random effects (37)
   (You took it off Natasha on level 3 of the Dungeon)
Scrolls
 c - 3 scrolls of enchant armour
 e - 4 scrolls of remove curse
 q - a scroll of teleportation
 r - a scroll of magic mapping {!r}
 v - a scroll of summoning {unknown}
 y - a scroll of fear
 A - 5 scrolls of identify
 E - a scroll of immolation {unknown}
Potions
 f - 2 potions of resistance
 g - 3 potions of ambrosia
 h - a potion of flight {unknown}
 i - 5 potions of lignification {!q}
 k - a potion of heal wounds {unknown}
 m - 3 potions of cancellation
 o - 3 potions of curing
 t - 4 potions of magic {unknown}
 u - 3 potions of mutation {unknown}
 x - a potion of might {unknown}
 z - a potion of brilliance {unknown}
 B - 2 potions of agility {unknown}
 C - 2 potions of degeneration {unknown}
Comestibles
 b - 22 rations
 D - a chunk of flesh {@w0}


   Skills:
 + Level 8.3 Fighting
 + Level 5.6 Armour
 + Level 6.3 Dodging
 + Level 9.9 Unarmed Combat


You had 9 spell levels left.
You didn't know any spells.

Dungeon Overview and Level Annotations

Branches:
Dungeon (9/15)             Temple (0/1) D:4
   Lair: D:8-11         Orc: D:9-12

Altars:
Gozag
Ru
Trog
Xom
Yredelemnul
Zin

Shops:
D:7 =   D:8 :


Innate Abilities, Weirdness & Mutations

You are too large for most types of armour.
You have claws for hands.
Your metabolism is lightning-fast.
You like to eat raw meat.
Your natural rate of healing is unusually fast.
You are covered in fur. (AC +1)
You have very tough skin. (AC +2)


Message History

The soldier ant stings you but does no damage.
The soldier ant barely misses you.
You closely miss the soldier ant.
The soldier ant is severely wounded.
You feel sick.
You mangle the soldier ant!!
You kill the soldier ant!
Trog accepts your kill.
You feel sick. The soldier ant stings you.
You are more poisoned.
The soldier ant poisons you!
You barely miss the soldier ant.
You feel sick. The worker ant bites you.
You are too injured to fight recklessly!
You are too injured to fight recklessly!
You are too injured to fight recklessly!
You are too injured to fight recklessly!
You are too injured to fight recklessly!
You scratch the worker ant.
The worker ant is moderately wounded.
You feel sick. The soldier ant barely misses you.
You claw the worker ant!
The worker ant is severely wounded.
You feel sick. The worker ant bites you. The soldier ant stings you.
You barely miss the soldier ant.
You feel sick. The worker ant closely misses you.
You closely miss the soldier ant.
You feel sick. The soldier ant closely misses you.
You claw the soldier ant!
The soldier ant is moderately wounded.
You feel sick. The worker ant barely misses you.
You scratch the soldier ant but do no damage.
The soldier ant is moderately wounded.
You feel sick. The soldier ant barely misses you.
You scratch the soldier ant.
The soldier ant is heavily wounded.
You are no longer berserk.
You are exhausted.
You feel yourself slow down.
You feel sick.
You feel very sick. The soldier ant misses you.
You see here a worker ant corpse.
You feel very sick.
You feel very sick. The soldier ant stings you.
You are more poisoned.
The soldier ant poisons you!
You scratch the soldier ant but do no damage.
The soldier ant is moderately wounded.
You feel very sick. The soldier ant stings you!
You are more poisoned.
The soldier ant poisons you!
Your skin crawls.
You feel resistant to hostile enchantments.
You feel quite a bit less full.
You feel extremely sick. The soldier ant misses you.
The soldier ant stings you.
You are more poisoned.
The soldier ant poisons you!
You feel better. The soldier ant stings you. The soldier ant misses you.
The soldier ant stings you but does no damage.
The soldier ant closely misses you.
You closely miss the soldier ant.
The soldier ant is moderately wounded.
The soldier ant stings you!
You are poisoned.
The soldier ant poisons you! The soldier ant stings you!
* * * LOW HITPOINT WARNING * * *
You are more poisoned.
The soldier ant poisons you!
You feel very sick.
There is a stone staircase leading down here.
A troll comes into view.
You feel very sick.
The troll shouts!
Some of the chunks of flesh in your inventory have rotted away.
You feel sick. The soldier ant stings you.
* * * LOW HITPOINT WARNING * * *
You feel very sick. The soldier ant misses you.
You feel sick. The soldier ant closely misses you.
As you read the scroll labeled PAEZXE PUFOOSOFE, it crumbles to dust.
A profound silence engulfs you.
It was a scroll of silence.
You feel sick.
The soldier ant stings you but does no damage. x3
Okay, then.
Unknown command.
Unknown command.
Unknown command.
Unknown command.
You feel better. The soldier ant barely misses you. The soldier ant stings you.
* * * LOW HITPOINT WARNING * * *
The troll bites you!
* * * LOW HITPOINT WARNING * * *
The troll claws you!
* * * LOW HITPOINT WARNING * * *
The troll barely misses you. The soldier ant barely misses you.
The soldier ant closely misses you. The troll bites you!
* * * LOW HITPOINT WARNING * * *
The troll claws you!
You die...

# ......... ####### # ##.......##
##..a..# # #.(.......# ###.†#'''#
#### #.........###...##aa.# ...#
#.....((...#.a###aa#..#
...#####.........a.a## .a###...
...............÷aaa.# a.. ...(#
...######<.....Taa.###..a ..##
...# ##.....#@a## ..#. ..# ...#
###########.## ..### #..
...###...........#
#..##.?..........##
..................##
..#................## #
...#................# #
..................))## ##
.#................##.###########.


You could see a troll, 3 soldier ants and 6 worker ants.

Vanquished Creatures
  Erolcha (D:9)
  Grinder (D:5)
  A hornet (D:9)
  Sigmund (D:2)
  Eustachio (D:5)
  4 hogs (D:7)
  A human (D:7)
  A hungry ghost (D:7)
  2 water moccasins
  2 soldier ants (D:9)
  Duvessa (D:4)
  4 sky beasts
  2 orc warriors
  A black bear (D:7)
  2 ice beasts
  Purgy (D:3)
  A phantom (D:4)
  7 ogres
  2 centaurs
  Blork the orc (D:4)
  An elf zombie (Ossuary)
  2 bullfrogs
  Dowan (D:4)
  A scorpion (D:7)
  11 killer bees
  A howler monkey (D:7)
  2 electric eels (D:8)
  4 crimson imps
  A centaur zombie (D:7)
  3 hounds
  3 human zombies (Ossuary)
  A centaur skeleton (D:9)
  3 orc priests
  A jelly (D:5)
  4 orc wizards
  Terence (D:3)
  Natasha (thrice) (D:3)
  An iguana (D:8)
  11 worker ants
  A killer bee zombie (D:8)
  A big kobold zombie (Ossuary)
  A hound zombie (D:7)
  2 mummies (Ossuary)
  Robin (D:3)
  A howler monkey skeleton (D:5)
  4 gnolls (D:4)
  6 adders
  2 shadow imps
  An adder skeleton (D:5)
  An adder zombie (Ossuary)
  A dart slug (D:1)
  4 leopard geckos
  30 orcs
  5 giant cockroaches
  14 goblins
  8 hobgoblins
  7 jackals
  2 ball pythons
  7 bats
  4 frilled lizards
  2 goblin zombies (Ossuary)
  6 hobgoblin zombies (Ossuary)
  A jackal zombie (Ossuary)
  5 kobolds
  12 kobold zombies (Ossuary)
  8 orc zombies (Ossuary)
  6 rats
  A rat zombie (Ossuary)
236 creatures vanquished.

Notes
Turn   | Place    | Note
-------+----------+-------------------------------------------
     0 | D:1      | Mgcat the Troll Berserker began the quest for the Orb.
     0 | D:1      | Reached XP level 1. HP: 22/22 MP: 0/0
   254 | D:1      | Reached XP level 2. HP: 29/29 MP: 1/1
   914 | D:1      | Reached skill level 3 in Fighting
   951 | D:2      | Reached ** piety under Trog
   961 | D:2      | Reached XP level 3. HP: 37/37 MP: 2/2
  1175 | D:2      | Found a basalt altar of Yredelemnul.
  1181 | D:2      | Found a bloodstained altar of Trog.
  1186 | D:2      | Found a sacrificial altar of Ru.
  1240 | D:2      | Found an opulent altar of Gozag.
  1258 | D:2      | Noticed Sigmund
  1266 | D:2      | Killed Sigmund
  1266 | D:2      | Reached skill level 4 in Fighting
  1266 | D:2      | Reached skill level 4 in Unarmed Combat
  1266 | D:2      | Reached XP level 4. HP: 48/48 MP: 3/3
  1266 | D:2      | Reached XP level 5. HP: 54/54 MP: 4/4
  1306 | D:2      | Found a glowing silver altar of Zin.
  1306 | D:2      | Found a shimmering altar of Xom.
  1307 | D:2      | Noticed an angel
  1556 | D:3      | Reached skill level 5 in Unarmed Combat
  1570 | D:3      | Noticed Robin
  1582 | D:3      | Killed Robin
  1668 | D:3      | Noticed Natasha
  1676 | D:3      | Killed Natasha
  1687 | D:3      | Reached XP level 6. HP: 58/62 MP: 5/5
  1695 | D:3      | Noticed Natasha
  1697 | D:3      | Killed Natasha
  1702 | D:3      | Noticed Natasha
  1707 | D:3      | Killed Natasha
  1741 | D:3      | Noticed Purgy
  1751 | D:3      | Killed Purgy
  1966 | D:3      | Noticed Terence
  1971 | D:3      | Killed Terence
  1976 | D:3      | Reached *** piety under Trog
  2390 | D:4      | Reached skill level 5 in Fighting
  2390 | D:4      | Reached skill level 6 in Unarmed Combat
  2390 | D:4      | Reached XP level 7. HP: 67/72 MP: 6/6
  2443 | D:4      | Noticed Duvessa
  2443 | D:4      | Noticed Dowan
  2447 | D:4      | Killed Duvessa
  2451 | D:4      | Killed Dowan
  2774 | D:4      | Found a staircase to the Ecumenical Temple.
  2867 | D:4      | Noticed Blork the orc
  2869 | D:4      | Killed Blork the orc
  2869 | D:4      | Reached skill level 7 in Unarmed Combat
  3026 | D:5      | Entered Level 5 of the Dungeon
  3073 | D:5      | Reached XP level 8. HP: 83/83 MP: 7/7
  3136 | D:5      | Reached skill level 6 in Fighting
  3279 | D:5      | Noticed Grinder
  3293 | D:5      | Reached skill level 1 in Armour
  3299 | D:5      | Killed Grinder
  3299 | D:5      | Reached skill level 3 in Dodging
  3396 | D:5      | Noticed Eustachio
  3401 | D:5      | Killed Eustachio
  3401 | D:5      | Reached skill level 2 in Armour
  3517 | D:5      | Reached **** piety under Trog
  3720 | D:5      | You fall through a shaft for 3 floors!
  3723 | D:8      | Found Nougiub's Book Emporium.
  3797 | D:8      | Reached skill level 8 in Unarmed Combat
  3833 | D:8      | Reached XP level 9. HP: 90/92 MP: 8/8
  3894 | D:8      | Reached skill level 4 in Dodging
  3902 | D:8      | Reached skill level 3 in Armour
  4218 | D:7      | Found a sand-covered staircase.
  4223 | Ossuary  | Entered an ossuary
  4299 | Ossuary  | Reached ***** piety under Trog
  4363 | Ossuary  | Reached skill level 7 in Fighting
  4626 | D:7      | Found Tanuat's Jewellery Boutique.
  4629 | D:7      | Bought a cursed ring of teleportation for 72 gold pieces
  4678 | D:7      | Reached skill level 4 in Armour
  4702 | D:7      | Reached skill level 5 in Dodging
  4706 | D:7      | Reached skill level 9 in Unarmed Combat
  4716 | D:7      | Received a gift from Trog
  4719 | D:7      | Reached XP level 10. HP: 88/102 MP: 9/9
  4817 | D:7      | Found a basalt altar of Yredelemnul.
  5970 | D:9      | Reached skill level 5 in Armour
  5972 | D:9      | Noticed Erolcha
  5982 | D:9      | Killed Erolcha
  5982 | D:9      | Reached skill level 8 in Fighting
  5982 | D:9      | Reached skill level 6 in Dodging
  6315 | D:9      | HP: 24/105 [soldier ant (5)]
  6319 | D:9      | HP: 5/105 [troll (9)]
  6319 | D:9      | Mangled by a troll

Vault maps used:
D:1:      erik_arrival_cave_to_civilisation
D:2:      grunt_temple_overflow_order_and_chaos_1,
          minmay_overflow_temple_star_quad, overflow_temple_1_default,
          uniq_sigmund
D:3:      uniq_natasha, uniq_terence, uniq_robin, uniq_purgy
D:4:      lemuel_temple_firewalk_b, uniq_blork_the_orc, uniq_duvessa
D:5:      first_ration, uniq_eustachio, uniq_grinder
D:7:      enter_ossuary_2, serial_shops, nicolae_shop_behind_doors,
          grunt_livestock, yredelemnul_altar_generic
D:8:      statuecave_lemuel, serial_shops, shop_statue, uniq_maurice
D:9:      zaba_antful_of_joy, uniq_erolcha
Ossuary:  ossuary_tomb_1

Skill      XL: |  1  2  3  4  5  6  7  8  9 10 |
---------------+-------------------------------+-----
Fighting       | 3 4 5 6 7 8 |  8.3
Unarmed Combat | 4 5 6 7 8 9 |  9.9
Armour         | 2 4 5 |  5.6
Dodging        | 3 5 6 |  6.3

Action                   |  1- 3 |  4- 6 |  7- 9 | 10-12 || total
-------------------------+-------+-------+-------+-------++-------
Melee: Unarmed           |    68 |   117 |   333 |   155 ||   673
       Punch             |     1 |     2 |     7 |     7 ||    17
Invok: Berserk           |     1 |     3 |    10 |     4 ||    18
       Trog's Hand       |     1 |       |     1 |     2 ||     4
  Use: Scroll            |       |     6 |     7 |     3 ||    16
       Potion            |       |       |     1 |     2 ||     3
  Eat: Chunk             |    17 |    14 |    30 |    24 ||    85
Armor: Animal skin       |    25 |    34 |       |       ||    59
       Troll leather arm |       |     6 |   121 |    59 ||   186
Dodge: Dodged            |    28 |    82 |   146 |    81 ||   337

Table legend:
 A = Spawn XP
 B = Non-spawn XP
 C = Spawn XP percentage of total XP
 D = Spawn monster count
 E = Non-spawn monster count
 F = Spawn count percentage of total count
 G = Total turns spent on level
                    A         B        C        D         E        F      G
               +---------+---------+-------+---------+---------+-------+---------
         Total |       0 |    9720 |   0.0 |       0 |     236 |   0.0 |  6319
               +---------+---------+-------+---------+---------+-------+---------
           D:1 |       0 |      38 |   0.0 |       0 |      21 |   0.0 |   927
           D:2 |       0 |     265 |   0.0 |       0 |      15 |   0.0 |   624
           D:3 |       0 |     355 |   0.0 |       0 |      31 |   0.0 |   667
           D:4 |       0 |     686 |   0.0 |       0 |      21 |   0.0 |   808
           D:5 |       0 |    1209 |   0.0 |       0 |      25 |   0.0 |   694
           D:7 |       0 |    2301 |   0.0 |       0 |      24 |   0.0 |   809
           D:8 |       0 |    1230 |   0.0 |       0 |      21 |   0.0 |   931
           D:9 |       0 |    3313 |   0.0 |       0 |      40 |   0.0 |   609
       Ossuary |       0 |     323 |   0.0 |       0 |      38 |   0.0 |   250
               +---------+---------+-------+---------+---------+-------+---------

Vault maps used:
D:1:      erik_arrival_cave_to_civilisation
D:2:      grunt_temple_overflow_order_and_chaos_1,
          minmay_overflow_temple_star_quad, overflow_temple_1_default,
          uniq_sigmund
D:3:      uniq_natasha, uniq_terence, uniq_robin, uniq_purgy
D:4:      lemuel_temple_firewalk_b, uniq_blork_the_orc, uniq_duvessa
D:5:      first_ration, uniq_eustachio, uniq_grinder
D:7:      enter_ossuary_2, serial_shops, nicolae_shop_behind_doors,
          grunt_livestock, yredelemnul_altar_generic
D:8:      statuecave_lemuel, serial_shops, shop_statue, uniq_maurice
D:9:      zaba_antful_of_joy, uniq_erolcha
Ossuary:  ossuary_tomb_1

Table legend:
 A = Turns spent in this place as a percentage of turns spent in the entire game.
 B = Non-inter-level travel turns spent in this place as a percentage of non-inter-level travel turns spent in the entire game.
 C = Inter-level travel turns spent in this place as a percentage of turns spent in this place.
 D = Turns resting spent in this place as a percentage of non-inter-level travel turns spent in this place.
 E = Turns spent auto-exploring this place as a percentage of non-inter-level travel turns spent in this place.
 F = Non-inter-level travel turns spent in this place divided by the number of levels of this place that you've seen.
                   A       B       C       D       E      F
               +-------+-------+-------+-------+-------+----------------------
         Total | 100.0 | 100.0 |   2.5 |   0.0 |  75.6 | 684.6
       Dungeon |  96.0 |  95.9 |   2.6 |   0.0 |  77.0 | 738.9
       Ossuary |   4.0 |   4.1 |   0.0 |   0.0 |  42.0 | 250.0
               +-------+-------+-------+-------+-------+----------------------

Table legend:
 A = Kills in this place as a percentage of kills in entire the game.
 B = Kills by you in this place as a percentage of kills by you in the entire game.
 C = Kills by friends in this place as a percentage of kills by friends in the entire game.
 D = Other kills in this place as a percentage of other kills in the entire game.
 E = Experience gained in this place as a percentage of experience gained in the entire game.
 F = Experience gained in this place divided by the number of levels of this place that you have seen.
                   A       B       C       D       E      F
               +-------+-------+-------+-------+-------+----------------------
         Total | 100.0 | 100.0 |   N/A |   N/A | 100.0 | 1080.0
       Dungeon |  83.9 |  83.9 |   N/A |   N/A |  96.7 | 1174.6
       Ossuary |  16.1 |  16.1 |   N/A |   N/A |   3.3 | 323.0
               +-------+-------+-------+-------+-------+----------------------
